 Dungeon Sprint DCSS version 0.19.0-19-g8c6edcc (webtiles) character file.

3104 poirepourri the Cleaver (level 9, -12/90 HPs)
             Began as a Minotaur Fighter on Nov 15, 2016.
             Was a Priest of Okawaru.
             Mangled by Donald
             ... wielding a +2 war axe of holy wrath
              (32 damage)
             ... in the Dungeon (Sprint III: "The Ten Rune Challenge").
             The game lasted 00:03:38 (2245 turns).

poirepourri the Cleaver (Minotaur Fighter)          Turns: 2245, Time: 00:03:38

Health: -12/90     AC:  9    Str: 22    XL:     9   Next: 59%
Magic:  8/8        EV: 11    Int:  5    God:    Okawaru [***...]
Gold:   29         SH: 13    Dex: 12    Spells: 0 memorised, 8 levels left

rFire  . . .     SeeInvis .     a - +0 war axe
rCold  . . .     Gourm    .     b - +0 scale mail
rNeg   . . .     Faith    .     c - +0 shield
rPois  .         Spirit   .     (helmet restricted)
rElec  .         Reflect  .     (no cloak)
rCorr  .         Harm     .     (no gloves)
MR     .....     NoTele   +     (no boots)
Stlth  ..........               (no amulet)
                                (no ring)
                                (no ring)

@: no status effects
A: retaliatory headbutt, horns 2
a: Heroism, Renounce Religion


You were in the Dungeon.
You worshipped Okawaru.
Okawaru was most pleased with you.
You were not hungry.

You visited 1 branch You collected 29 gold pieces.

Inventory:

Hand Weapons
 a - a +0 war axe (weapon)
Armour
 b - a +0 scale mail (worn)
 c - a +0 shield (worn)
Scrolls
 u - a scroll of remove curse
Potions
 h - a potion of haste
 i - 2 potions of magic
 n - 3 potions of mutation
 r - a potion of lignification
 s - a potion of flight
 v - a potion of cure mutation
Books
 g - a book of Misfortune

   Spells                             Type                      Level
   a - Confusing Touch                Hexes                        1
   b - Confuse                        Hexes                        3
   c - Gell's Gravitas                Hexes/Translocation          3
   d - Petrify                        Transmutation/Earth          4
   e - Metabolic Englaciation         Hexes/Ice                    5
   f - Yara's Violent Unravelling     Hexes/Transmutation          5
 k - a book of Minor Magic

   Spells                             Type                      Level
   a - Magic Dart                     Conjuration                  1
   b - Blink                          Translocation                2
   c - Call Imp                       Summoning                    2
   d - Repel Missiles                 Charms/Air                   2
   e - Slow                           Hexes                        2
   f - Conjure Flame                  Conjuration/Fire             3
   g - Mephitic Cloud                 Conjuration/Poison/Air       3
Comestibles
 f - a bread ration
 q - 2 royal jellies


   Skills:
 + Level 12.2 Fighting
 + Level 14.8 Axes
 + Level 12.3 Armour
 + Level 3.6 Dodging
 + Level 13.4 Shields


You had 8 spell levels left.
You didn't know any spells.

Dungeon Overview and Level Annotations

Branches:
Dungeon (1/1)

Altars:
Cheibriados
Dithmenos
Elyvilon
Fedhas
Gozag
Hepliaklqana
Kikubaaqudgha
Makhleb
Nemelex Xobeh
Okawaru
Qazlal
Ru
Sif Muna
Trog
Uskayaw
Vehumet
Xom
Yredelemnul
Zin
The Shining One
Beogh
Jiyva
Lugonu

Annotations:
D Donald, Frances


Innate Abilities, Weirdness & Mutations

You reflexively headbutt those who attack you in melee.
You have a pair of horns on your head.


Message History

Donald is lightly wounded.
Donald hits you with a war axe of holy wrath!!
The smoke demon gestures at you. Something smites you!
* * * LOW HITPOINT WARNING * * *
Donald blocks your attack.
Your headbutt misses Donald.
Donald is lightly wounded.
Donald misses you.
Okay, then.
Okay, then.
Donald closely misses you. You furiously retaliate!
You headbutt Donald!
You see here a giant spiked club.
Donald mumbles some strange words.
Donald closely misses you. You furiously retaliate!
You headbutt Donald. You block Donald's attack. You block Donald's attack.
Frances whispers indecipherable words.
Items here: )))))) Donald hits you with a war axe of holy wrath!!
You die...

♣ ♣.#)..#__.#._#,,,,,,,,,**,*,,,
♣♣♣♣.###'#'###)##,,,,,,,,,**,*,,,
♣..♣.#..........#,,,,,,,,,**,*,,,
..♣..'.⌠........#,,,∩,******,+,,,
≈≈♣♣.#...######'#,****,,* ******
≈....#.⌠.#__#...#+###############
.....#...#__#...#....#3#.#.@.@3#.
.....#'###__#...##.#.@#.##)###.#.
.....#...#__#...@##.#.#.##.#..##.
.....#___#__'...#@).#..#@.##..'..
▓▓▓▓▓▓▓▓▓▓▓▓▓▓▓▓▓▓▓▓▓▓▓▓▓▓▓▓▓▓#(.
≈≈**,,,,,***♣≈≈≈........≈≈≈...#^.
≈,**,≈≈≈≈+**+♣≈≈≈≈≈≈≈≈≈≈≈≈♣♣P.'..
,≈,+,,,,,*,≈*♣♣♣♣♣♣♣♣♣♣♣♣♣♣♣PP#.@
≈≈********,,** ♣♣♣##' ≈≈*
***+******************.3 *****
****,**,,**≈≈≈≈≈≈,,*,,#3.


You could see Donald.

Vanquished Creatures
  Erolcha (D)
  A deep elf mage (D)
  A shadow (D)
  2 redbacks (D)
  2 hill giants (D)
  A spatial vortex (D)
  3 wandering mushrooms (D)
  A necrophage (D)
  3 two-headed ogres (D)
  A water elemental (D)
  A scorpion (D)
  A jelly (D)
  Jessica (D)
  A wizard (D)
  A necromancer (D)
  A kobold demonologist (D)
  3 humans (D)
  2 rats (D)
27 creatures vanquished.

Vanquished Creatures (others)
  2 draconian scorchers (D)
  6 hellions (D)
  2 yaktaurs (D)
  5 plants (D)
15 creatures vanquished.

Grand Total: 42 creatures vanquished

Notes
Turn   | Place    | Note
-------+----------+-------------------------------------------
     0 | D        | poirepourri the Minotaur Fighter began the quest for the Orb.
     0 | D        | Reached XP level 1. HP: 19/19 MP: 0/0
    12 | D        | Noticed Jessica
    14 | D        | Killed Jessica
    14 | D        | Reached skill level 5 in Fighting
    14 | D        | Reached skill level 3 in Axes
    14 | D        | Reached skill level 5 in Armour
    14 | D        | Reached skill level 5 in Shields
    14 | D        | Reached XP level 2. HP: 29/29 MP: 1/1
    51 | D        | Reached XP level 3. HP: 8/36 MP: 2/2
    76 | D        | Killed a hellion
    76 | D        | Killed a hellion
    84 | D        | Killed a hellion
    85 | D        | Killed a yaktaur
   124 | D        | Killed a hellion
   128 | D        | Killed a hellion
   156 | D        | Killed a white draconian scorcher
   166 | D        | Killed a hellion
   213 | D        | Killed a white draconian scorcher
   278 | D        | Noticed a scorpion
   291 | D        | Killed a yaktaur
   292 | D        | Killed a scorpion
   292 | D        | Reached skill level 4 in Axes
   292 | D        | Reached XP level 4. HP: 19/44 MP: 3/3
   469 | D        | Noticed a water elemental
   475 | D        | Killed a water elemental
   475 | D        | Reached skill level 5 in Axes
   475 | D        | Reached XP level 5. HP: 45/51 MP: 4/4
   645 | D        | Found a radiant altar of Vehumet.
   645 | D        | Found a deep blue altar of Sif Muna.
   645 | D        | Found an ancient bone altar of Kikubaaqudgha.
   648 | D        | Noticed a sun demon
   650 | D        | Noticed a soul eater
   653 | D        | Noticed a sun demon
   686 | D        | Reached skill level 6 in Axes
   982 | D        | Found a glowing silver altar of Zin.
   982 | D        | Found a glowing golden altar of the Shining One.
   982 | D        | Found a white marble altar of Elyvilon.
   983 | D        | Noticed a deep elf mage
   991 | D        | Killed a deep elf mage
   991 | D        | Reached skill level 8 in Axes
   991 | D        | Reached skill level 10 in Armour
   991 | D        | Reached skill level 1 in Dodging
   991 | D        | Reached skill level 10 in Shields
   991 | D        | Reached XP level 6. HP: 21/63 MP: 5/5
   991 | D        | Reached XP level 7. HP: 23/70 MP: 6/6
  1241 | D        | Found a hide-covered altar of Uskayaw.
  1241 | D        | Found a roughly hewn altar of Beogh.
  1241 | D        | Found an iron altar of Okawaru.
  1241 | D        | Found a bloodstained altar of Trog.
  1241 | D        | Noticed a human
  1243 | D        | Noticed a human
  1248 | D        | Killed a human
  1248 | D        | Reached skill level 9 in Axes
  1249 | D        | Killed a human
  1249 | D        | Reached skill level 10 in Axes
  1257 | D        | Became a worshipper of Warmaster Okawaru
  1265 | D        | Found a basalt altar of Yredelemnul.
  1265 | D        | Found a shadowy altar of Dithmenos.
  1265 | D        | Found a sacrificial altar of Ru.
  1268 | D        | Reached skill level 10 in Fighting
  1280 | D        | Noticed a shadow
  1281 | D        | Killed a shadow
  1281 | D        | Reached XP level 8. HP: 80/80 MP: 7/7
  1291 | D        | Found a blossoming altar of Fedhas.
  1291 | D        | Found a stormy altar of Qazlal.
  1291 | D        | Found a snail-covered altar of Cheibriados.
  1291 | D        | Found a burning altar of Makhleb.
  1291 | D        | Found a shimmering altar of Xom.
  1292 | D        | Found a hazy altar of Hepliaklqana.
  1292 | D        | Found an opulent altar of Gozag.
  1292 | D        | Found a sparkling altar of Nemelex Xobeh.
  1292 | D        | Found a corrupted altar of Lugonu.
  1292 | D        | Found a viscous altar of Jiyva.
  1296 | D        | Reached * piety under Okawaru
  1296 | D        | Reached skill level 11 in Axes
  1400 | D        | Reached skill level 12 in Axes
  1406 | D        | Noticed Erolcha
  1423 | D        | Killed Erolcha
  1423 | D        | Reached ** piety under Okawaru
  1423 | D        | Reached skill level 13 in Axes
  1423 | D        | Reached XP level 9. HP: 27/89 MP: 8/8
  1711 | D        | Reached skill level 14 in Axes
  2038 | D        | Noticed a wandering mushroom
  2043 | D        | Noticed a wandering mushroom
  2045 | D        | Noticed a wandering mushroom
  2086 | D        | Reached *** piety under Okawaru
  2216 | D        | Noticed Donald
  2216 | D        | Noticed Frances
  2218 | D        | Noticed a smoke demon
  2218 | D        | Noticed a smoke demon
  2244 | D        | Noticed a smoke demon
  2245 | D        | Mangled by Donald

Skill      XL: |  1  2  3  4  5  6  7  8  9 |
---------------+----------------------------+-----
Armour         | 5 6 7 10 11 12 | 12.3
Fighting       | 5 6 9 10 11 12 | 12.2
Axes           | 3 4 5 8 10 13 14 | 14.8
Shields        | 5 6 7 10 11 13 | 13.4
Dodging        | 1 2 3 |  3.6

Action                   |  1- 3 |  4- 6 |  7- 9 || total
-------------------------+-------+-------+-------++-------
Melee: War axe           |    22 |    20 |    81 ||   123
       Headbutt          |     1 |     4 |    24 ||    29
  Use: Scroll            |       |     9 |       ||     9
       Potion            |       |     3 |     3 ||     6
  Eat: Royal jelly       |       |       |     1 ||     1
       Meat ration       |       |       |     1 ||     1
Armor: Scale mail        |     4 |     5 |     5 ||    14
Dodge: Dodged            |     5 |     2 |    23 ||    30
Block: Shield            |    13 |     8 |    35 ||    56
